 Dungeon Crawl Stone Soup version 0.14-a0-2964-g8dc6adb (webtiles) character file.

173 JEFFREY the Insei (level 3, 0/28 HPs)
             Began as a Demigod Transmuter on Mar 5, 2014.
             Slain by an orc wizard
             ... wielding a +0,+2 dagger
              (1 damage)
             ... on Level 3 of the Dungeon.
             The game lasted 00:07:51 (1592 turns).

JEFFREY the Insei (Demigod Transmuter)              Turns: 1592, Time: 00:07:51

HP   0/28        AC  2     Str 13      XL: 3   Next: 39%
MP   7/7         EV 12     Int 18      God:
Gold 121         SH  0     Dex 17      Spells:  2 memorised,  1 level left

rFire  x . .     SeeInvis .       - Unarmed
rCold  + . .     Clarity  .     c - +0 robe
rNeg   . . .     Conserve .     (no shield)
rPois  .         rCorr    .     (no helmet)
rElec  .         rRot     .     (no cloak)
SustAb . .       Spirit   .     (no gloves)
rMut   .         Warding  .     (no boots)
Saprov . . .     Stasis   .     (no amulet)
MR     .....                    (no ring)
                                f - ring of ice

@: not resistant to hostile enchantments, unstealthy
A: no striking features
a: no special abilities


You were on level 3 of the Dungeon.
You were not hungry.

You visited 1 branch of the dungeon, and saw 3 of its levels.

You collected 121 gold pieces.

Inventory:

Missiles
 b - 12 arrows
Armour
 c - a +0 robe (worn)
 m - a +2 chain mail
Comestibles
 a - 2 bread rations
 l - a choko
 p - a rotting chunk of giant gecko flesh
Scrolls
 e - 4 scrolls of identify {unknown}
 i - a scroll of amnesia {unknown}
 k - a scroll of enchant armour {unknown}
 n - a scroll of magic mapping {unknown}
 r - a scroll of remove curse {unknown}
Jewellery
 f - a ring of ice (left hand)
Potions
 h - a potion of magic {unknown}
 j - a potion of confusion {unknown}
 s - a potion of paralysis {unknown}
Books
 d - a book of Changes

   Spells                             Type                      Level
   *Beastly Appendage                 Transmutation                1
   Sticks to Snakes                   Transmutation                2
   *Spider Form                       Transmutation/Poison         3
   Ice Form                           Ice/Transmutation            4
   Blade Hands                        Transmutation                5
 o - a book of Party Tricks

   Spells                             Type                      Level
   Summon Butterflies                 Summoning                    1
   Apportation                        Translocation                1
   Blink                              Translocation                2
   Alistair's Intoxication            Transmutation/Poison         4
   Tukima's Dance                     Hexes                        5
Miscellaneous
 g - a plain deck of wonders


   Skills:
 + Level 1.1 Fighting
 + Level 1.9 Dodging
 + Level 3.9 Unarmed Combat
 + Level 1.7 Spellcasting
 + Level 1.8 Transmutations
 + Level 0.3 Poison Magic


You had one spell level left.
You knew the following spells:

 Your Spells              Type           Power        Failure   Level  Hunger
a - Beastly Appendage     Trmt           #.....       12%         1    #......
b - Spider Form           Trmt/Pois      #.........   34%         3    ####...


Dungeon Overview and Level Annotations

Branches:
Dungeon (3/16)


Message History

The orc priest prays to Beogh.
You feel a wave of unholy energy pass over you.
The orc hits you with a dagger. The orc wizard misses you.
The orc barely misses you. The orc hits you with a flail!
The orc wizard hits you with a dagger. The orc hits you but does no damage.
An orc comes into view. It is wielding a flail.
The orc shouts!
The orc hits you but does no damage. The orc hits you with a flail.
The orc wizard hits you but does no damage.
The orc closely misses you.
The orc wizard points at you and mumbles some strange words.
The magic dart hits you!
* * * LOW HITPOINT WARNING * * *
The orc closely misses you. The orc barely misses you.
The orc barely misses you. The orc wizard barely misses you.
The orc hits you with a short sword.
* * * LOW HITPOINT WARNING * * *
The orc wizard hits you with a dagger.
You die...

. #o #. #.
#.
#.########.
#..........
#oo.....P≈≈
#o@o..♣.≈≈≈♣
#..<....≈≈≈≈
#####...P≈♣≈
.P..? #...
P.


You could see an orc wizard and 4 orcs.

Vanquished Creatures
  A worm (D:1)
  A ball python (D:2)
  A giant cockroach (D:2)
  2 goblins (D:1)
  5 hobgoblins (D:1)
  3 kobolds
  A quokka (D:2)
  7 bats
  3 giant geckos (D:2)
  6 giant newts
  6 jackals (D:2)
  7 rats
43 creatures vanquished.

Notes
Turn   | Place    | Note
--------------------------------------------------------------
     0 | D:1      | JEFFREY, the Demigod Transmuter, began the quest for the Orb.
     0 | D:1      | Reached XP level 1. HP: 15/15 MP: 3/3
   294 | D:1      | Reached skill level 3 in Unarmed Combat
   452 | D:1      | Reached XP level 2. HP: 19/22 MP: 4/4
  1009 | D:2      | HP: 1/22 [giant cockroach (1)]
  1020 | D:2      | Reached XP level 3. HP: 8/27 MP: 7/7
  1023 | D:2      | Found a sparkling altar of Nemelex Xobeh.
  1070 | D:2      | Learned a level 3 spell: Spider Form
  1286 | D:2      | Reached skill level 1 in Fighting
  1592 | D:3      | HP: 1/28 [orc/short sword (3)]
  1592 | D:3      | Slain by an orc wizard

Action                   || total
-------------------------++-------
Melee: Unarmed           ||   147
 Cast: Beastly Appendage ||     8
       Spider Form       ||     2
  Use: Potion            ||     1
